 Dungeon Crawl Stone Soup version 0.24.0-29-g8ce449bc06 (webtiles) character file.

Game seed: 6247339069241295033, levelgen mode: deterministic

64018 Flugslaktarn the Severer (level 14, -14/129 HPs)
             Began as a Minotaur Fighter on Nov 14, 2019.
             Was a Priest of Uskayaw.
             Killed from afar by a fire dragon (30 damage)
             ... with a blast of flame
             ... on level 6 of the Lair of Beasts.
             The game lasted 00:11:23 (22568 turns).

Flugslaktarn the Severer (Minotaur Fighter)        Turns: 22568, Time: 00:11:24

Health: -14/129    AC: 34    Str: 26    XL:     14   Next: 70%
Magic:  14/20      EV: 10    Int:  8    God:    Uskayaw [***...]
Gold:   1260       SH: 14    Dex: 15    Spells: 13/13 levels left

rFire    . . .     SeeInvis .   O - +1 broad axe (flame)
rCold    + . .     Gourm    .   Q - +0 shield
rNeg     . . .     Faith    .   R - +8 orange crystal plate armour {Archmagi, Int+3 Clar}
rPois    .         Spirit   .   (helmet restricted)
rElec    .         Reflect  .   l - +0 cloak
rCorr    .         Harm     .   f - +1 pair of gloves
MR       +....     Clarity  +   (no boots)
Stlth    ..........             E - amulet of the acrobat
HPRegen  0.31/turn              (no ring)
MPRegen  0.17/turn              c - ring of protection from cold

@: agile, lethally poisoned (-14 -> -46)
A: retaliatory headbutt, horns 2
a: Stomp, Line Pass, Renounce Religion


You were on level 6 of the Lair of Beasts.
You worshipped Uskayaw.
Uskayaw was aware of your devotion.
You were hungry.

You visited 3 branches of the dungeon, and saw 18 of its levels.
You also visited: Sewer and Ice Cave.

You collected 1260 gold pieces.

Inventory:

Hand Weapons
 O - a +1 broad axe of flaming (weapon)
   (You took it off Urug on level 11 of the Dungeon)
Missiles
 M - 3 throwing nets (quivered)
Armour
 f - a +1 pair of gloves (worn)
   (You found it on level 6 of the Dungeon)
 l - a +0 cloak (worn)
   (You found it on level 4 of the Dungeon)
 Q - a +0 shield (worn)
 R - the +8 orange crystal plate armour (worn) {Archmagi, Int+3 Clar}
   (You found it on level 5 of the Lair of Beasts)

   It affects your intelligence (+3).
   It protects you against confusion.
Jewellery
 c - a ring of protection from cold (right hand)
   (You found it on level 4 of the Lair of Beasts)
 n - an uncursed ring of positive energy
   (You found it on level 6 of the Dungeon)
 E - an amulet of the acrobat (around neck)
   (You found it in an ice cave)
 I - the ring "Ytuph" {rF- EV+4 Str+5 Int+2 Dex-3}
   (You found it on level 8 of the Dungeon)

   [ring of evasion]

   It affects your evasion (+4).
   It affects your strength (+5).
   It affects your intelligence (+2).
   It affects your dexterity (-3).
   It makes you vulnerable to fire.
 N - an uncursed ring of ice
   (You found it on level 10 of the Dungeon)
 P - the ring of Rug Eris {Ice rN+ Int-2 SInv}
   (You found it in an ice cave)

   [ring of ice]

   It enhances your ice magic.
   It affects your intelligence (-2).
   It makes you vulnerable to fire.
   It protects you from cold.
   It protects you from negative energy.
   It lets you see invisible.
Wands
 b - a wand of scattershot (4)
   (You found it on level 4 of the Lair of Beasts)
 v - a wand of digging (6)
   (You found it on level 7 of the Dungeon)
 A - a wand of paralysis (1)
   (You took it off Pikel on level 8 of the Dungeon)
 H - a wand of iceblast (19)
   (You found it in an ice cave)
 L - a wand of acid (25)
   (You found it on level 9 of the Dungeon)
Scrolls
 i - 3 scrolls of immolation
 k - a scroll of fog
 o - 5 scrolls of remove curse
 r - 4 scrolls of identify
 t - 7 scrolls of teleportation
 u - a scroll of silence {unknown}
 x - a scroll of magic mapping
 z - a scroll of blinking
 D - 3 scrolls of vulnerability
 J - a scroll of holy word
 S - a scroll of fear
 U - 3 scrolls of enchant weapon
Potions
 a - 2 potions of degeneration {unknown}
 d - 2 potions of might
 g - 2 potions of flight
 h - a potion of haste
 m - 3 potions of brilliance
 p - 3 potions of ambrosia {unknown}
 s - 6 potions of agility
 w - 3 potions of heal wounds
 y - a potion of magic {unknown}
 B - a potion of lignification {unknown}
 C - 2 potions of resistance {unknown}
 F - a potion of invisibility
 K - 2 potions of cancellation
 T - a potion of berserk rage {unknown}
Miscellaneous
 G - a lightning rod (4/4)
   (You found it on level 8 of the Dungeon)
Comestibles
 e - 29 rations
 j - 9 chunks of flesh


   Skills:
 + Level 13.0 Fighting
 * Level 17.1 Axes
 * Level 13.1 Armour
 - Level 12.7 Shields
 + Level 10.0 Invocations
 - Level 5.0 Evocations


You had 13 spell levels left.
You didn't know any spells.
Your spell library was empty.

Dungeon Overview and Level Annotations

Branches:
Dungeon (11/15)            Temple (1/1) D:5            Lair (6/6) D:11
  Swamp (0/4) Lair:3       Spider (0/4) Lair:4        Slime (0/5) Lair:5
    Orc (0/2) D:9           Sewer (visited)           IceCv (visited)

Altars:
Ashenzari
Cheibriados
Dithmenos
Elyvilon
Fedhas
Gozag
Hepliaklqana
Kikubaaqudgha
Makhleb
Nemelex Xobeh
Okawaru
Qazlal
Ru
Sif Muna
Trog
Uskayaw
Vehumet
Wu Jian
Xom
Yredelemnul
Zin
The Shining One

Shops:
D:6 %   D:11 (

Annotations:
D:4 2 transporters, Alzound's ghost, amateur HuBe
D:5 exclusion: statue
Lair:5 exclusion: oklob plant


Innate Abilities, Weirdness & Mutations

You reflexively headbutt those who attack you in melee.
You have a pair of horns on your head.


Message History

You are lethally poisoned!
* * * LOW HITPOINT WARNING * * *
x2 You feel very sick.
The fire dragon closely misses you.
The fire dragon claws you but does no damage.
You block the fire dragon's attack.
Uskayaw will force your foes to helplessly watch your dance.
Unknown command.
Evoke which item? (* to show all) (? for menu, Esc to quit)
Aiming: Corrosive Bolt
Press: ? - help, Shift-Dir - straight line, f - fire dragon
Aim: a fire dragon (poison gas, severely wounded, catching its breath)
The bolt of acid hits the fire dragon!
The fire dragon is splashed with acid.
The acid corrodes the fire dragon!
The fire dragon is almost dead.
* * * LOW HITPOINT WARNING * * *
You feel very sick. The fire dragon breathes flames at you.
The blast of flame hits you!!
You die...

♣♣ ♣♣♣ ≈.♣♣♣..
≈...♣..♣♣♣
≈≈.≈.....♣♣
≈≈≈≈.≈≈≈.≈♣♣
.≈≈≈≈○○≈≈P.♣♣
P.≈≈.$D○≈≈.?♣
♣$..☼○○@♣≈≈.♣
♣♣♣
♣.?$)○♣♣♣≈≈≈♣
.♣..♣♣♣$?.(
♣♣≈≈..♣
.≈.≈≈P♣♣♣.
♣♣≈≈≈♣♣♣ ♣♣
...≈≈.♣♣
♣♣≈≈...♣ ♣.♣
...≈..♣♣♣≈.P.♣♣♣
♣..♣♣
♣≈.≈.≈≈..♣♣
.....
♣♣≈≈.≈≈...♣ ♣
♣P.♣♣≈.≈P....♣♣


You could see a fire dragon.

Vanquished Creatures
  Rupert (Lair:3)
  Kirke (Lair:4)
  A frost giant (IceCv)
  Nessos (Lair:5)
  Snorg (Lair:4)
  Erolcha (D:11)
  Fannar (Lair:1)
  7 hydras
  A catoblepas (Lair:5)
  9 death yaks
  2 two-headed ogres
  Urug (D:11)
  3 skeletal warriors
  A swamp dragon (Lair:6)
  Pikel (D:8)
  7 elephants (Lair:5)
  A molten gargoyle (D:11)
  5 black mambas
  13 spiny frogs
  An ice statue (IceCv)
  8 komodo dragons
  8 rime drakes
  A yaktaur (D:9)
  2 trolls (D:9)
  11 polar bears (IceCv)
  A jumping spider (Lair:4)
  4 blink frogs (Lair:4)
  3 hornets
  2 bog bodies (Lair:3)
  Prince Ribbit (D:6)
  9 hippogriffs
  4 dream sheep (Lair:5)
  Sigmund (D:2)
  4 wyverns
  2 redbacks (Lair:4)
  A shadow (D:11)
  A hog (Lair:4)
  2 hungry ghosts
  40 yaks
  Eustachio (D:6)
  4 basilisks
  A steam dragon (Lair:6)
  An acid dragon (Lair:6)
  11 water moccasins
  12 porcupines
  A slave (D:8)
  2 black bears
  11 orc warriors
  A black bear (shapeshifter) (D:9)
  A swamp drake (Lair:6)
  4 ice beasts
  5 sky beasts
  An eye of draining (D:9)
  4 phantoms
  23 wolves
  2 necrophages
  12 ogres
  11 centaurs
  7 crocodiles
  3 big kobolds
  15 bullfrogs
  2 scorpions
  5 killer bees (D:7)
  A howler monkey (D:5)
  2 bullfrog zombies
  6 crimson imps
  A centaur zombie (D:8)
  2 quasits (D:11)
  4 hounds
  2 jellies
  13 orc wizards
  A wyvern simulacrum (D:9)
  4 gnoll shamans
  6 orc priests
  2 bullfrog skeletons
  3 iguanas
  3 worker ants
  A hound zombie (D:7)
  A hound skeleton (D:4)
  A howler monkey zombie (D:11)
  2 worker ant zombies
  16 gnolls
  10 adders
  A shadow imp (D:9)
  An adder skeleton (D:6)
  A worm (D:3)
  3 dart slugs
  5 leopard geckos
  32 orcs
  4 ball pythons (Sewer)
  5 giant cockroaches
  4 hobgoblins
  10 jackals
  16 kobolds
  5 quokkas
  2 bats
  6 frilled lizards
  12 goblins
  A leopard gecko skeleton (D:8)
  2 rats
  A fungus (Lair:4)
  3 plants
499 creatures vanquished.

Vanquished Creatures (others)
  A polar bear (IceCv)
  2 humans (Lair:4)
  2 yaks (IceCv)
  A slave (D:8)
  A wolf (IceCv)
  A gnoll (D:8)
  An orc (D:8)
  15 fungi
  39 plants
63 creatures vanquished.

Grand Total: 562 creatures vanquished

Notes
Turn   | Place    | Note
-------+----------+-------------------------------------------
     0 | D:1      | Flugslaktarn the Minotaur Fighter began the quest for the
                  | Orb.
     0 | D:1      | Reached XP level 1. HP: 19/19 MP: 0/0
   378 | D:2      | Reached XP level 2. HP: 27/27 MP: 1/1
   434 | D:2      | Reached skill level 3 in Axes
   437 | D:2      | Noticed Sigmund
   445 | D:2      | Killed Sigmund
   445 | D:2      | Reached skill level 4 in Axes
   445 | D:2      | Reached XP level 3. HP: 6/34 MP: 2/2
   445 | D:2      | Reached XP level 4. HP: 7/41 MP: 3/3
   445 | D:2      | Reached XP level 5. HP: 8/47 MP: 4/4
  1032 | D:3      | Found a sacrificial altar of Ru.
  1265 | D:3      | Reached skill level 5 in Axes
  1391 | D:3      | Reached XP level 6. HP: 31/55 MP: 5/5
  1447 | D:4      | Reached skill level 5 in Fighting
  1447 | D:4      | Reached skill level 5 in Shields
  1694 | D:4      | Reached skill level 5 in Armour
  1735 | D:4      | Found a transporter.
  1748 | D:4      | Found a transporter.
  1921 | D:4      | Noticed Alzound's ghost (amateur HuBe)
  2002 | D:4      | Found a glowing drain.
  2012 | Sewer    | Entered a sewer
  2257 | Sewer    | Reached skill level 6 in Axes
  2627 | D:4      | Reached XP level 7. HP: 27/61 MP: 6/6
  3631 | D:5      | Entered Level 5 of the Dungeon
  3707 | D:5      | Found a radiant altar of Vehumet.
  3797 | D:5      | Reached skill level 7 in Axes
  3920 | D:5      | Found a staircase to the Ecumenical Temple.
  3928 | D:5      | Reached XP level 8. HP: 70/70 MP: 7/7
  3933 | Temple   | Entered the Ecumenical Temple
  4058 | Temple   | Became a worshipper of Uskayaw the Reveler
  4146 | D:5      | Reached * piety under Uskayaw
  4154 | D:5      | Reached ** piety under Uskayaw
  4235 | D:5      | Reached *** piety under Uskayaw
  4238 | D:5      | Reached **** piety under Uskayaw
  4245 | D:5      | Reached ***** piety under Uskayaw
  4527 | D:5      | Reached skill level 1 in Invocations
  4529 | D:5      | Reached skill level 8 in Axes
  5171 | D:6      | Found Hiloudaq's Food Shop.
  5589 | D:6      | Noticed Eustachio
  5658 | D:6      | Killed Eustachio
  5658 | D:6      | Reached skill level 9 in Axes
  5658 | D:6      | Reached XP level 9. HP: 68/79 MP: 9/9
  5853 | D:6      | Found an ancient bone altar of Kikubaaqudgha.
  5855 | D:6      | Got a distressingly furry ring mail
  5894 | D:6      | Noticed Prince Ribbit
  5903 | D:6      | Killed Prince Ribbit
  6105 | D:7      | Found a burning altar of Makhleb.
  6107 | D:7      | Found a hazy altar of Hepliaklqana.
  6505 | D:7      | Found a sparkling altar of Nemelex Xobeh.
  7067 | D:8      | Reached skill level 10 in Axes
  7663 | D:8      | Noticed Pikel
  7663 | D:8      | Paralysed by Pikel for 3 turns
  7685 | D:8      | Killed Pikel
  7685 | D:8      | Reached XP level 10. HP: 84/88 MP: 12/12
  7970 | D:8      | Reached skill level 11 in Axes
  8484 | D:8      | Noticed a two-headed ogre
  8494 | D:8      | Killed a two-headed ogre
  8494 | D:8      | Reached skill level 5 in Invocations
  8494 | D:8      | Reached skill level 1 in Evocations
  8647 | D:8      | Got a twitching marble ring
  8654 | D:8      | Identified the ring "Ytuph" {rF- EV+4 Str+5 Int+2 Dex-3}
                  | (You found it on level 8 of the Dungeon)
  8755 | D:8      | Found a white marble altar of Elyvilon.
 10029 | D:9      | Reached XP level 11. HP: 96/97 MP: 14/14
 10033 | D:9      | Reached skill level 12 in Axes
 10181 | D:9      | Found a staircase to the Orcish Mines.
 10451 | D:9      | Found a shimmering blue altar of Sif Muna.
 10892 | D:10     | Entered Level 10 of the Dungeon
 10941 | D:10     | Noticed a two-headed ogre
 10951 | D:10     | Killed a two-headed ogre
 11967 | D:11     | Noticed Urug
 11981 | D:11     | Killed Urug
 12127 | D:11     | Identified the +4 ring mail of Jaidos {-Cast rN+ Str+6
                  | Dex-4} (You found it on level 6 of the Dungeon)
 12234 | D:11     | Found a staircase to the Lair.
 12284 | D:11     | Found Yrhag's Weapon Boutique.
 12423 | D:11     | Noticed Erolcha
 12433 | D:11     | Killed Erolcha
 12433 | D:11     | Reached skill level 13 in Axes
 12433 | D:11     | Reached skill level 10 in Armour
 12433 | D:11     | Reached skill level 10 in Shields
 12532 | D:11     | Reached skill level 10 in Fighting
 12628 | D:11     | Noticed a skeletal warrior
 12628 | D:11     | Noticed a skeletal warrior
 12629 | D:11     | Noticed a skeletal warrior
 12638 | D:11     | Killed a skeletal warrior
 12918 | D:10     | Killed a skeletal warrior
 13348 | D:11     | Killed a skeletal warrior
 13621 | Lair:1   | Entered Level 1 of the Lair of Beasts
 13635 | Lair:1   | Reached XP level 12. HP: 38/106 MP: 16/16
 14344 | Lair:1   | Noticed Fannar
 14351 | Lair:1   | Killed Fannar
 16006 | Lair:2   | Reached skill level 14 in Axes
 16524 | Lair:3   | Found a frozen archway.
 16532 | Lair:3   | Reached skill level 5 in Evocations
 16539 | IceCv    | Entered an ice cave
 16989 | IceCv    | Noticed a death yak
 17004 | IceCv    | Killed a death yak
 17079 | IceCv    | Reached XP level 13. HP: 75/116 MP: 17/17
 17316 | IceCv    | Noticed a frost giant
 17340 | IceCv    | Reached ****** piety under Uskayaw
 17341 | IceCv    | Killed a frost giant
 17630 | IceCv    | Got a warped golden ring
 17632 | IceCv    | Identified the ring of Rug Eris {Ice rN+ Int-2 SInv} (You
                  | found it in an ice cave)
 17809 | Lair:3   | Noticed Rupert
 17811 | Lair:3   | Reached skill level 15 in Axes
 17840 | Lair:3   | Paralysed by Rupert for 3 turns
 17848 | Lair:3   | Killed Rupert
 18316 | Lair:3   | Found a staircase to the Swamp.
 19570 | Lair:4   | Noticed Kirke
 19581 | Lair:4   | Killed Kirke
 19645 | Lair:4   | Found a hole to the Spider Nest.
 19680 | Lair:4   | Noticed Snorg
 19691 | Lair:4   | Killed Snorg
 19876 | Lair:4   | Reached skill level 16 in Axes
 20128 | Lair:4   | Reached XP level 14. HP: 126/126 MP: 19/19
 20791 | Lair:5   | Found a staircase to the Slime Pits.
 21166 | Lair:5   | Noticed Nessos
 21192 | Lair:5   | Killed Nessos
 21380 | Lair:5   | Found the +8 orange crystal plate armour {Archmagi, Int+3
                  | Clar}
 21713 | Lair:6   | Entered Level 6 of the Lair of Beasts
 22181 | Lair:6   | Reached skill level 17 in Axes
 22417 | Lair:6   | Reached skill level 10 in Invocations
 22568 | Lair:6   | Killed from afar by a fire dragon

Levels and vault maps discovered:
D:1:      minmay_arrival_cross, layout_basic, minmay_curled_crystal
D:2:      layout_basic, minmay_misc_feat_columns, minmay_fountain_box,
          uniq_sigmund
D:3:      minmay_goblin_kobold_castle, layout_basic, nicolae_ru_awakened_eye
D:4:      layout_basic, first_ration, gammafunk_ghost_stat_death,
          portal_sewer_entry_f
D:5:      layout_rooms, vehumet_statue, temple_green
D:6:      layout_loops_ring, kiku_gazebo_garden_becter, serial_shops,
          nicolae_shop_stone, moated_statue, uniq_prince_ribbit1, uniq_eustachio
D:7:      layout_loops_ring, chequers_temple_overflow_statue_of_worship,
          nemelex_xobeh_ov_fountains_minmay
D:8:      kennysheep_seaside_town, layout_layer_cave, kennysheep_mini,
          uniq_pikel
D:9:      minmay_the_grid_square_5x5_4x4 [minmay_the_grid_square_5x5_bracketed,
          minmay_the_grid_square_5x5_plus, minmay_the_grid_square_5x5_checkered,
          minmay_the_grid_square_5x5_moneybag, minmay_the_grid_square_5x5_meh,
          minmay_the_grid_square_5x5_prize_open,
          minmay_the_grid_square_5x5_prize_snowflake,
          minmay_the_grid_square_5x5_inner_v, minmay_the_grid_square_5x5_tie,
          minmay_the_grid_square_5x5_prize_rear_guard,
          minmay_the_grid_square_5x5_prize_open,
          minmay_the_grid_square_5x5_tetrominoes,
          minmay_the_grid_square_5x5_corner, minmay_the_grid_square_5x5_forky,
          minmay_the_grid_square_5x5_dogpile, minmay_the_grid_square_5x5_empty],
          layout_basic, orc_0_dummy, grunt_ogre_cave, led_sif_pool
D:10:     layout_irregular_city
D:11:     layout_irregular_city, lair_entry_dummy, kennysheep_diamond,
          uniq_urug, uniq_erolcha
Temple:   regret_index_temple_waves
Lair:1:   layout_cave_pods, uniq_fannar
Lair:2:   layout_cave_pods
Lair:3:   layout_layer_cave, skrybe_swamp_entry_bodies,
          portal_ice_cave_entry_pillars_1, uniq_rupert
Lair:4:   beast_lair_carwin_large_2, layout_regular_city, spider_nest_entry_a,
          uniq_snorg, uniq_kirke
Lair:5:   minmay_lair_oklob_tunnel, layout_long_grid, slime_dummy,
          beast_lair_carwin_4, uniq_nessos
Lair:6:   guppyfry_lair_end_dragon, layout_regular_city, wormcave,
          serial_bayou_pond_c

Skill      XL: |  1  2  3  4  5  6  7  8  9 10 11 12 13 14 |
---------------+-------------------------------------------+-----
Axes           | 4 5 6 7 9 10 11 13 14 16 17 | 17.1
Fighting       | 4 5 6 7 8 9 10 11 12 13 | 13.0
Armour         | 4 5 6 7 8 9 10 11 12 13 | 13.1
Shields        | 4 5 6 7 8 9 10 11 12 | 12.7
Invocations    | 2 4 5 6 7 9 10 | 10.0
Evocations     | 2 4 5 |  5.0

Action                   |  1- 3 |  4- 6 |  7- 9 | 10-12 | 13-15 || total
-------------------------+-------+-------+-------+-------+-------++-------
Melee: War axe           |    34 |   176 |   345 |   342 |       ||   897
       Headbutt          |     6 |    29 |    58 |   110 |    97 ||   300
       Unarmed           |       |       |     5 |       |       ||     5
       Broad axe         |       |       |       |   289 |   428 ||   717
Invok: Stomp             |       |       |       |     2 |     2 ||     4
Evoke: Wand              |       |       |       |       |     2 ||     2
  Use: Scroll            |       |       |     8 |    14 |     3 ||    25
       Potion            |       |       |       |       |     5 ||     5
 Stab: Paralysed         |       |       |    12 |    57 |    60 ||   129
  Eat: Chunk             |       |     5 |    23 |    44 |     9 ||    81
       Ration            |       |       |     1 |       |       ||     1
Armor: Scale mail        |    10 |    84 |     3 |       |       ||    97
       Chain mail        |       |       |   212 |   173 |    77 ||   462
       Skin              |       |       |     1 |       |       ||     1
       Ring mail         |       |       |       |    16 |       ||    16
       Crystal plate arm |       |       |       |       |    58 ||    58
Dodge: Dodged            |     8 |    61 |   100 |   235 |   154 ||   558
Block: Shield            |    19 |   118 |   212 |   360 |   222 ||   931
